 Dungeon Crawl Stone Soup version 0.19.4-8-ga85b6b9 (webtiles) character file.

3691 doot the Tainter (level 10, -2/63 HPs)
             Began as an Octopode Venom Mage on Feb 10, 2017.
             Was a Believer of Vehumet.
             Slain by a hound (5 damage)
             ... on level 9 of the Dungeon.
             The game lasted 00:49:18 (11244 turns).

doot the Tainter (Octopode Venom Mage)             Turns: 11244, Time: 00:49:19

Health: -2/63      AC:  1    Str:  7    XL:     10   Next: 13%
Magic:  3/20       EV: 14    Int: 21    God:    Vehumet [**....]
Gold:   489        SH:  0    Dex: 15    Spells: 6 memorised, 4 levels left

rFire  . . .     SeeInvis .     u - +5 morningstar
rCold  . . .     Gourm    .     (no shield)
rNeg   . . .     Faith    .     (helmet restricted)
rPois  .         Spirit   .     (no amulet)
rElec  +         Reflect  .     s - ring of wizardry
rCorr  .         Harm     .     (no ring)
MR     .....                    (no ring)
Stlth  ++++......               (no ring)
                                (no ring)
                                (no ring)
                                (no ring)
                                (no ring)

@: flying
A: almost no armour, stealthy swim, amphibious, 8 rings, constrict 8, camouflage
1, agile 1, screaming 1, electricity resistance, gelatinous body 1
a: Renounce Religion


You were on level 9 of the Dungeon.
You worshipped Vehumet.
Vehumet was pleased with you.
You were hungry.

You visited 2 branches of the dungeon, and saw 10 of its levels.
You also visited: Sewer.

You collected 489 gold pieces.

Inventory:

Hand Weapons
 g - a +0 club
 l - a +2 dagger of venom
 u - a +5 morningstar (weapon)
 D - a +1 dagger of venom
Magical Staves
 B - an uncursed staff of summoning
 F - an uncursed staff of fire
Jewellery
 s - a ring of wizardry (left tentacle)
Wands
 m - a wand of polymorph (11/24)
 E - a wand of digging (14/24)
Scrolls
 d - 5 scrolls of remove curse
 f - 9 scrolls of identify
 h - 4 scrolls of random uselessness
 j - a scroll of blinking {unknown}
 v - 3 scrolls of immolation {unknown}
 x - 2 scrolls of amnesia
 y - a scroll of recharging {unknown}
 z - 2 scrolls of magic mapping
 A - 3 scrolls of teleportation
Potions
 e - 3 potions of heal wounds {unknown}
 i - 3 potions of magic {unknown}
 k - a potion of beneficial mutation {unknown}
 n - 2 potions of curing {unknown}
 o - 3 potions of flight
 p - 2 potions of lignification
 q - a potion of cure mutation {unknown}
 r - a potion of ambrosia {unknown}
 w - a potion of mutation {unknown}
 C - 2 potions of cancellation {unknown}
 G - a potion of resistance {unknown}
Books
 a - a Young Poisoner's Handbook

   Spells                             Type                      Level
   a - Sting                          Conjuration/Poison           1
   b - Mephitic Cloud                 Conjuration/Poison/Air       3
   c - Olgreb's Toxic Radiance        Poison                       4
   d - Alistair's Intoxication        Transmutation/Poison         5
   e - Venom Bolt                     Conjuration/Poison           5
 I - a book of Flames

   Spells                             Type                      Level
   a - Flame Tongue                   Conjuration/Fire             1
   b - Throw Flame                    Conjuration/Fire             2
   c - Conjure Flame                  Conjuration/Fire             3
   d - Inner Flame                    Hexes/Fire                   3
   e - Sticky Flame                   Conjuration/Fire             4
   f - Fireball                       Conjuration/Fire             5
Comestibles
 b - 6 bread rations
 c - 5 meat rations
 t - a beef jerky


   Skills:
 + Level 3.5 Fighting
 + Level 1.4 Short Blades
 + Level 6.4 Maces & Flails
 + Level 3.1 Dodging
 + Level 5.2 Stealth
 + Level 7.0 Spellcasting
 + Level 4.8 Conjurations
 + Level 0.4 Fire Magic
 + Level 9.4 Poison Magic


You had 4 spell levels left.
You knew the following spells:

 Your Spells              Type           Power        Failure   Level  Hunger
a - Sting                 Conj/Pois      ####         1%          1    None
b - Mephitic Cloud        Conj/Pois/Air  ####....     1%          3    #......
c - Olgreb's Toxic Radia  Pois           #####...     1%          4    ###....
d - Venom Bolt            Conj/Pois      #####.....   7%          5    #####..
e - Sticky Flame          Conj/Fire      ###.....     14%         4    ###....
f - Throw Frost           Conj/Ice       ###...       2%          2    None


Dungeon Overview and Level Annotations

Branches:
Dungeon (9/15)             Temple (1/1) D:6            Lair (0/6) D:9
    Orc: D:9-12

Altars:
Ashenzari
Cheibriados
Dithmenos
Elyvilon
Fedhas
Hepliaklqana
Makhleb
Nemelex Xobeh
Okawaru
Sif Muna
Trog
Uskayaw
Vehumet
Xom
Yredelemnul
The Shining One

Shops:
D:4 :   D:6 :   D:9 ?

Annotations:
D:5 doot's ghost, amateur DEWz


Innate Abilities, Weirdness & Mutations

You cannot wear most types of armour.
You are very stealthy in the water. (Stealth+)
You are amphibious.
You can wear up to eight rings at the same time.
You can use your tentacles to constrict eight enemies at once.
Your skin changes colour to match your surroundings (Stealth+).
Your rubbery body absorbs attacks. (AC +1, EV +1)
You are agile. (Dex +2)
You occasionally shout uncontrollably at your foes.
You are resistant to electric shocks. (rElec)


Message History

The jackal bites you.
* * * LOW HITPOINT WARNING * * *
Casting: Sticky Flame
Confirm with . or Enter, or press ? or * to list all spells.
You don't have enough magic to cast that spell.
It was a potion of flight.
You feel very buoyant.
You fly up into the air.
The hound bites you.
* * * LOW HITPOINT WARNING * * *
You completely miss the hound. Your grab misses the hound.
You squeeze the hound.
The hound is lightly wounded.
The hound bites you.
* * * LOW HITPOINT WARNING * * *
You miss the hound. Your grab misses the hound.
The hound is lightly wounded.
The hound bites you.
* * * LOW HITPOINT WARNING * * *
The hound bites you.
You die...

###########
..>>>.....##
###########
...........##
#.).......#
............##
#..#...#..#
.............###@##...#
......###.....##h##.∩.#
.....## ##..)...h##...#
....## ##...)...#####
....# #........###
##..## ##...)........
##..#+++#.........#...
#...................#
##.........##.......##


You could see a hound and a jackal.

Vanquished Creatures
  Joseph (D:9)
  2 hippogriffs
  A steam dragon (D:9)
  An eye of draining (D:9)
  2 orc warriors
  2 ice beasts
  2 sky beasts
  An ogre (D:7)
  A phantom (D:6)
  4 centaurs
  A big kobold (Sewer)
  3 bullfrogs
  A gnoll sergeant (D:9)
  A water moccasin skeleton (D:7)
  A scorpion (D:9)
  2 howler monkeys
  2 crimson imps
  A bullfrog zombie (D:9)
  A jelly (D:8)
  6 hounds
  2 orc priests
  A centaur skeleton (D:8)
  8 orc wizards
  2 iguanas
  Jessica (D:3)
  Natasha (thrice) (D:3)
  8 worker ants
  A hound zombie (D:6)
  A hound skeleton (D:7)
  A howler monkey skeleton (D:7)
  13 gnolls
  4 adders
  An adder skeleton (D:7)
  2 worms
  3 dart slugs
  11 leopard geckos
  23 orcs
  3 giant cockroaches
  9 goblins
  7 hobgoblins
  15 jackals
  11 kobolds
  5 quokkas
  A ball python (D:3)
  7 bats
  5 frilled lizards
  10 rats
  A plant (D:3)
195 creatures vanquished.

Vanquished Creatures (others)
  A black bear (D:7)
  An adder (D:7)
  2 leopard geckos (D:7)
  2 fungi (D:9)
6 creatures vanquished.

Grand Total: 201 creatures vanquished

Notes
Turn   | Place    | Note
-------+----------+-------------------------------------------
     0 | D:1      | doot the Octopode Venom Mage began the quest for the Orb.
     0 | D:1      | Reached XP level 1. HP: 11/11 MP: 3/3
    42 | D:1      | Reached skill level 5 in Poison Magic
   316 | D:1      | Reached XP level 2. HP: 11/17 MP: 1/5
  1053 | D:1      | Reached XP level 3. HP: 21/21 MP: 4/6
  1058 | D:1      | Learned a level 3 spell: Mephitic Cloud
  1878 | D:3      | Reached skill level 1 in Conjurations
  1878 | D:3      | Reached XP level 4. HP: 27/27 MP: 7/7
  1885 | D:3      | Noticed Natasha
  2157 | D:4      | Learned a level 4 spell: Olgreb's Toxic Radiance
  2456 | D:4      | Reached skill level 6 in Poison Magic
  2456 | D:4      | Reached XP level 5. HP: 18/31 MP: 7/9
  3302 | D:3      | Found a basalt altar of Yredelemnul.
  3302 | D:3      | Found a burning altar of Makhleb.
  3371 | D:3      | Killed Natasha
  3371 | D:3      | Reached XP level 6. HP: 36/36 MP: 10/10
  3516 | D:3      | Noticed Natasha
  3520 | D:3      | Killed Natasha
  3520 | D:3      | Reached skill level 1 in Short Blades
  3762 | D:3      | Noticed Jessica
  3764 | D:3      | Killed Jessica
  3768 | D:3      | Noticed Natasha
  3782 | D:3      | Killed Natasha
  3946 | D:4      | Found Nusyllel's Book Boutique.
  4026 | D:3      | Reached skill level 1 in Maces & Flails
  4577 | D:5      | Entered Level 5 of the Dungeon
  4625 | D:5      | Reached XP level 7. HP: 42/42 MP: 7/12
  4695 | D:5      | Noticed doot's ghost (amateur DEWz)
  4858 | D:5      | Reached skill level 7 in Poison Magic
  5569 | D:6      | Found Pitec's Book Boutique.
  5708 | D:6      | Found a glowing drain.
  5731 | Sewer    | Entered a sewer
  5992 | Sewer    | Found a glowing silver altar of Zin.
  6111 | D:6      | Reached skill level 1 in Fighting
  6222 | D:6      | Reached XP level 8. HP: 48/48 MP: 9/14
  6346 | D:6      | Found a staircase to the Ecumenical Temple.
  6494 | Temple   | Entered the Ecumenical Temple
  6563 | Temple   | Became a worshipper of Vehumet
  6970 | D:7      | Reached skill level 5 in Stealth
  7078 | D:7      | Found a blossoming altar of Fedhas.
  7167 | D:7      | Found a shimmering altar of Xom.
  7423 | D:6      | Reached skill level 5 in Spellcasting
  7955 | D:7      | Gained mutation: You are resistant to electric shocks. (rElec) [mutagenic meat]
  7956 | D:7      | Gained mutation: You occasionally shout uncontrollably at your foes. [mutagenic meat]
  7957 | D:7      | Gained mutation: You are agile. (Dex +2) [mutagenic meat]
  8291 | D:7      | Learned a level 5 spell: Venom Bolt
  8470 | D:8      | Reached skill level 8 in Poison Magic
  8506 | D:8      | Noticed a hippogriff
  8515 | D:8      | Killed a hippogriff
  8515 | D:8      | Reached skill level 5 in Maces & Flails
  8515 | D:8      | Reached XP level 9. HP: 22/55 MP: 7/17
  8905 | D:8      | Reached * piety under Vehumet
  8905 | D:8      | Offered knowledge of Sandblast by Vehumet.
  9798 | D:9      | Learned a level 4 spell: Sticky Flame
  9982 | D:9      | Reached skill level 9 in Poison Magic
 10257 | D:9      | Found a staircase to the Lair.
 10426 | D:9      | Offered knowledge of Throw Frost by Vehumet.
 10477 | D:9      | Learned a level 2 spell: Throw Frost
 10528 | D:9      | Noticed Joseph
 10871 | D:9      | Reached ** piety under Vehumet
 10871 | D:9      | Reached XP level 10. HP: 63/63 MP: 0/20
 11216 | D:9      | Found Boczoav's Magic Scroll Emporium.
 11235 | D:9      | Killed Joseph
 11244 | D:9      | HP: 3/63 [hound (5)]
 11244 | D:9      | Slain by a hound

Skill      XL: |  1  2  3  4  5  6  7  8  9 10 |
---------------+-------------------------------+-----
Poison Magic   | 5 6 7 8 9 |  9.4
Stealth        | 3 4 5 |  5.2
Conjurations   | 1 2 3 4 |  4.8
Spellcasting   | 3 4 5 6 7 |  7.0
Short Blades   | 1 |  1.4
Maces & Flails | 1 2 5 6 |  6.4
Fighting       | 1 2 3 |  3.5
Dodging        | 3 |  3.1
Fire Magic     | |  0.4

Action                   |  1- 3 |  4- 6 |  7- 9 | 10-12 || total
-------------------------+-------+-------+-------+-------++-------
Melee: Club              |     8 |       |       |       ||     8
       Constrict         |     6 |    19 |    22 |     1 ||    48
       Dagger            |    13 |    48 |       |       ||    61
       Tentacles         |     2 |    11 |    15 |     4 ||    32
       Morningstar       |       |    31 |   110 |    14 ||   155
 Cast: Sting             |    69 |    68 |    66 |     4 ||   207
       Mephitic Cloud    |       |     1 |       |       ||     1
       Olgreb's Toxic Ra |       |       |    27 |       ||    27
       Venom Bolt        |       |       |    22 |     3 ||    25
       Sticky Flame      |       |       |     2 |     1 ||     3
  Use: Scroll            |       |     1 |     9 |       ||    10
       Potion            |       |       |     1 |     1 ||     2
 Stab: Sleeping          |     1 |       |     6 |       ||     7
  Eat: Chunk             |     4 |     8 |    28 |     2 ||    42
       Pizza             |       |       |     2 |       ||     2
       Beef jerky        |       |       |     1 |       ||     1
Armor: Skin              |     1 |     3 |     7 |     1 ||    12
Dodge: Dodged            |    24 |    38 |    95 |     7 ||   164
